 Dungeon Crawl Stone Soup version 0.20-a0-470-gbb038bd (webtiles) character file.

649 Kaletam the Covert (level 7, -1/39 HPs)
             Began as a Spriggan Assassin on Jan 13, 2017.
             Was an Initiate of Ashenzari.
             Killed from afar by an orc wizard (6 damage)
             ... with a magic dart
             ... on level 4 of the Dungeon on Jan 14, 2017.
             The game lasted 00:17:55 (3868 turns).

Kaletam the Covert (Spriggan Assassin)              Turns: 3868, Time: 00:17:55

Health: -1/39      AC:  3    Str:  7    XL:     7   Next: 28%
Magic:  14/14      EV: 24    Int: 13    God:    Ashenzari [......]
Gold:   179        SH:  0    Dex: 25    Spells: 14/14 levels left

rFire  x . .     SeeInvis +     a - +2 dagger
rCold  + . .     Gourm    .     c - +0 robe
rNeg   . . .     Faith    +     (shield restricted)
rPois  .         Spirit   .     (helmet restricted)
rElec  .         Reflect  .     d - +0 cloak
rCorr  .         Harm     .     (gloves unavailable)
MR     +....                    (boots unavailable)
Stlth  +++++.....               o - amulet of faith (curse) {Faith, !P}
                                w - ring of ice (curse) {rC+, rF-}
                                h - +6 ring of dexterity (curse)

@: very quick
A: unfitting armour, see invisible, herbivore 3, speed 3, slow metabolism 2
a: Curse Item, Renounce Religion


You were on level 4 of the Dungeon.
You worshipped Ashenzari.
Ashenzari was noncommittal.
You were full.

You visited 1 branch of the dungeon, and saw 4 of its levels.

You collected 179 gold pieces.

Inventory:

Hand Weapons
 a - a +2 dagger (weapon)
 b - a +0 blowgun
 j - a cursed -2 dagger
 u - a +2 mace of crushing
Missiles
 e - 16 poisoned needles
 f - 2 curare-tipped needles
Armour
 c - a +0 robe (worn)
 d - a +0 cloak (worn)
Jewellery
 h - a cursed +6 ring of dexterity (left hand)
 o - a cursed amulet of faith (around neck) {Faith, !P}
 w - a cursed ring of ice (right hand) {rC+, rF-}
Scrolls
 k - a scroll of magic mapping {unknown}
 m - a scroll of amnesia {unknown}
 n - 3 scrolls of identify {unknown}
 r - a scroll of fog {unknown}
Potions
 i - a potion of might
 l - a potion of curing
 v - a potion of ambrosia {unknown}
 x - a potion of heal wounds {unknown}
 z - a potion of resistance {unknown}
Comestibles
 g - a bread ration {@e1}
 s - a slice of pizza
 t - 2 fruits


   Skills:
 + Level 5.0 Fighting
 + Level 7.1 Short Blades
 + Level 2.5 Maces & Flails
 + Level 4.4 Throwing
 + Level 2.5 Armour
 + Level 6.3 Dodging
 + Level 10.7 Stealth
 + Level 2.8 Unarmed Combat
 + Level 4.2 Spellcasting


You had 14 spell levels left.
You didn't know any spells.

Dungeon Overview and Level Annotations

Branches:
Dungeon (4/15)
 Temple: D:4-7

Altars:
Ashenzari
Okawaru

Annotations:
D:2 Sigmund


Innate Abilities, Weirdness & Mutations

You are very small and have problems with some larger weapons.
You are too small for most types of armour.
You have supernaturally acute eyesight. (SInv)
You are a herbivore.
You cover ground extremely quickly.
You need consume almost no food.


Message History

You hit the orc wizard but do no damage.
The orc wizard casts a spell.
The orc wizard blinks!
The orc wizard casts a spell at you. The magic dart hits you!
* * * LOW HITPOINT WARNING * * *
You hit the orc wizard but do no damage.
The orc wizard hits you but does no damage.
You hit the orc wizard but do no damage.
The orc wizard points at you and mumbles some strange words.
The magic dart hits you!
* * * LOW HITPOINT WARNING * * *
You hit the orc wizard.
The orc wizard mumbles some strange words.
The orc wizard blinks!
Okay, then.
It was a potion of magic.
Magic courses through your body.
The orc wizard points at you and mumbles some strange words.
The magic dart hits you!
You die...

..# ######.# #...####...#.## #.#
#......#.....#⌠.##'##.⌠# #.#
#.######.....#.......... #[# #.#
#..####........#. #.# #.#
#..#...#.......#. #.# #.#
#..#...+..._...'. #.########.#
#......#.......#.
.........#)######..###.........##
..........).....@§....#.........#
#######...............#⌠.##'##.⌠#
..................#...####...###.
#######.#####.#..###.....#...#...
.......## ##.........o.#......#
######.# #...........#####... #
#.## ##...######........#. #
##.## ##.#..# #.......##. ####
#..###.....######.....####.


You could see an orc wizard.

Vanquished Creatures
  2 ogres
  An orc priest (D:4)
  A worker ant (D:4)
  6 adders
  An ooze (D:3)
  2 adder skeletons (D:4)
  2 dart slugs
  2 leopard geckos
  9 orcs
  2 giant cockroaches (D:3)
  8 goblins
  9 hobgoblins
  3 jackals (D:3)
  A ball python (D:1)
  7 bats
  9 frilled lizards
  6 kobolds
  8 rats
79 creatures vanquished.

Notes
Turn   | Place    | Note
-------+----------+-------------------------------------------
     0 | D:1      | Kaletam the Spriggan Assassin began the quest for the Orb.
     0 | D:1      | Reached XP level 1. HP: 10/10 MP: 2/2
    34 | D:1      | Reached skill level 6 in Stealth
   239 | D:1      | Reached XP level 2. HP: 13/15 MP: 3/3
   952 | D:2      | Noticed Sigmund
   993 | D:2      | Reached XP level 3. HP: 18/18 MP: 4/4
  1030 | D:2      | Reached skill level 7 in Stealth
  1310 | D:2      | Reached XP level 4. HP: 23/23 MP: 5/5
  1522 | D:3      | Noticed an ogre
  1568 | D:3      | Killed an ogre
  1568 | D:3      | Reached skill level 8 in Stealth
  1568 | D:3      | Reached XP level 5. HP: 26/26 MP: 6/6
  2421 | D:3      | Reached skill level 9 in Stealth
  2496 | D:3      | Found an iron altar of Okawaru.
  2673 | D:4      | Found a shattered altar of Ashenzari.
  2673 | D:4      | Noticed an ogre
  2724 | D:4      | Killed an ogre
  2724 | D:4      | Reached XP level 6. HP: 14/30 MP: 7/7
  2968 | D:4      | Became a worshipper of Ashenzari the Shackled
  3116 | D:4      | Reached skill level 5 in Fighting
  3116 | D:4      | Reached skill level 10 in Stealth
  3116 | D:4      | Reached XP level 7. HP: 12/39 MP: 7/14
  3868 | D:4      | Killed from afar by an orc wizard

Vault maps used:
D:1:      minmay_arrival_shattered_statue, serial_bayou, serial_bayou_ford_a,
          serial_bayou_lagoon_a, serial_bayou_crossing, serial_bayou_pond_e,
          minivault_24
D:2:      first_bread, uniq_sigmund
D:3:      okawaru_trees_2
D:4:      evilmike_ruin_ashenzari

Skill      XL: |  1  2  3  4  5  6  7 |
---------------+----------------------+-----
Stealth        | 6 7 8 9 10 | 10.7
Fighting       | 2 5 |  5.0
Short Blades   | 3 6 7 |  7.1
Dodging        | 2 3 6 |  6.3
Maces & Flails | 2 |  2.5
Throwing       | 4 |  4.4
Armour         | 2 |  2.5
Unarmed Combat | 2 |  2.8
Spellcasting   | 4 |  4.2

Action                   |  1- 3 |  4- 6 |  7- 9 || total
-------------------------+-------+-------+-------++-------
Melee: Dagger            |    95 |   132 |    93 ||   320
       Punch             |       |       |     1 ||     1
 Fire: Blowgun           |       |    14 |       ||    14
Invok: Curse Item        |       |     3 |       ||     3
  Use: Potion            |       |     2 |     2 ||     4
 Stab: Sleeping          |    16 |     9 |     2 ||    27
  Eat: Bread ration      |       |       |     1 ||     1
Armor: Robe              |     8 |     8 |     3 ||    19
Dodge: Dodged            |    54 |    76 |    37 ||   167
